Map: Catalyst LE

Players

SamuraiFunn - Winner!

  • Race: Protoss Protoss
  • Spawn Location: 11:00

A.I. 1 (Elite)

  • Race: Terran Terran
  • Spawn Location: 5:00

VOD

Have the link to the VOD?

Description

Time

  • Played on: Nov. 24, 2017, 2:50 p.m.
  • Length: 7:37
Show
View Real Time Build Order
Export as new Build Order

SamuraiFunn Protoss - Winner!

Build Orders: Dark Templar Rush 

Get SALT Encoding   

  12  0:01  Probe  
  13  0:13  Probe  
  14  0:21  Pylon  
  14  0:25  Probe  
  15  0:39  Probe  
  16  0:43  Gateway  
  16  0:51  Probe  
  16  0:55  Assimilator  
  17  1:03  Probe  
  18  1:15  Probe  
  19  1:29  Assimilator  
  19  1:30  Probe  
  20  1:34  Zealot  
  22  1:41  Cybernetics Core  
  22  1:47  Probe  
  22  1:48  Pylon  
  23  2:03  Nexus  
  23  2:19  Warp Gate (Chrono Boost)  
  23  2:25  Probe  
  24  2:31  Pylon  
  24  2:33  Adept  
  26  2:37  Probe  
  27  2:57  Twilight Council  
  27  2:59  Probe  
  28  3:11  Probe  
  28  3:12  Assimilator  
  29  3:14  Assimilator  
  29  3:19  Probe  
  30  3:23  Probe  
  31  3:31  Probe  
  32  3:35  Probe  
  32  3:36  Dark Shrine  
  32  3:37  Gateway  
  32  3:38  Gateway  
  33  3:48  Gateway  
  33  3:54  Probe x2  
  35  4:06  Probe x2  
  37  4:18  Probe x2  
  39  4:36  Pylon  
  39  4:37  Probe  
  39  4:38  Probe  
  41  4:49  Pylon  
  41  4:54  Dark Templar x2  
  41  4:55  Dark Templar x2  
  49  5:07  Probe x2  
  51  5:31  Gateway  
  51  5:32  Probe x2  
  51  5:34  Gateway x2  
  52  6:04  Dark Templar x4  
  60  6:40  Pylon  
  60  6:48  Probe x2  
  56  7:09  Dark Templar x5  
Show
View Real Time Build Order
Export as new Build Order

A.I. 1 (Elite) Terran 

Build Orders: MMM Bio 

Get SALT Encoding   

  12  0:00  SCV  
  13  0:13  SCV  
  14  0:18  Supply Depot  
  14  0:25  SCV  
  15  0:40  SCV  
  16  0:44  Barracks  
  16  0:52  SCV  
  17  1:04  SCV  
  18  1:16  SCV  
  19  1:19  Command Center  
  19  1:33  Marine  
  19  1:35  Orbital Command  
  20  1:47  Supply Depot  
  20  1:51  Marine  
  20  1:53  Refinery  
  21  2:00  SCV  
  22  2:09  Marine  
  22  2:11  Barracks  
  22  2:13  SCV  
  24  2:17  Refinery  
  24  2:25  SCV  
  24  2:27  Marine  
  26  2:31  Supply Depot  
  26  2:32  SCV  
  27  2:45  Orbital Command  
  27  2:47  Marine  
  27  2:49  SCV  
  29  3:00  Factory  
  29  3:02  SCV  
  29  3:03  Marine  
  31  3:06  Marine  
  31  3:11  SCV  
  33  3:14  SCV  
  34  3:21  Marine  
  34  3:23  SCV  
  34  3:24  Marine  
  34  3:26  SCV  
  38  3:29  Barracks  
  38  3:35  SCV  
  38  3:38  SCV  
  38  3:39  Barracks Tech Lab  
  40  3:42  Barracks Tech Lab  
  40  3:43  Factory Tech Lab  
  40  3:47  SCV  
  41  3:49  Supply Depot  
  41  3:50  SCV  
  42  3:57  Marine  
  42  3:58  Stimpack  
  42  3:59  SCV  
  42  4:00  Marine  
  42  4:02  SCV  
  46  4:04  Siege Tank  
  46  4:06  Combat Shields  
  49  4:12  SCV  
  49  4:14  SCV  
  49  4:15  Marine  
  49  4:16  Marine  
  53  4:18  Marine  
  53  4:21  Supply Depot  
  53  4:24  SCV  
  55  4:26  SCV, Supply Depot  
  56  4:35  Marauder  
  56  4:36  Siege Tank  
  61  4:43  SCV, Marauder, Refinery  
  61  4:44  SCV  
  65  4:50  Refinery  
  65  4:55  SCV  
  65  4:56  SCV  
  65  4:57  Marauder  
  69  5:02  Supply Depot  
  69  5:05  Marauder  
  71  5:07  SCV  
  71  5:08  SCV  
  73  5:15  Engineering Bay  
  73  5:17  Engineering Bay  
  73  5:18  Marauder  
  73  5:19  SCV  
  73  5:21  SCV  
  77  5:24  Supply Depot  
  77  5:26  Marauder  
  79  5:31  SCV, Command Center  
  81  5:35  SCV  
  81  5:41  Marauder  
  81  5:42  Terran Infantry Weapons Level 1  
  83  5:43  SCV  
  83  5:47  Marauder  
  83  5:48  Supply Depot  
  83  5:53  Starport  
  83  5:57  Concussive Shells  
  80  6:01  Marine  
  80  6:02  Marauder  
  76  6:08  Marine  
  69  6:19  Marine  
  69  6:24  Marauder  
  72  6:26  Marauder  
  72  6:30  Starport Tech Lab, Missile Turret  
  72  6:32  Missile Turret, Siege Tank  
  77  6:37  SCV, Marine  
  77  6:38  SCV  
  75  6:43  SCV  
  75  6:45  Marine  
  64  6:48  Marauder  
  64  6:49  SCV  
  64  6:50  Raven  
  64  6:54  SCV  
  57  6:55  Barracks Reactor  
  44  7:02  Marine  
  32  7:09  Marine  
Tags
 
Composition
MMM Bio
Matchup
PvT
Replay Pack
First 100 games
Spawn Locations
Cross Positions
Add a new tag
Caveats
  • Supply blocks, unpowered buildings, or Contaminate may cause inaccurate times.
  • Supply counts are checked every 10 seconds.